 Dungeon Crawl Stone Soup version 0.16-a0-3699-g1c51eb1 (webtiles) character file.

84 dysrexia the Cudgeler (level 4, -2/28 HPs)
             Began as a Gargoyle Fighter on Jan 18, 2015.
             Was an Initiate of Ru.
             Killed from afar by Sigmund (3 damage)
             ... with a magic dart
             ... on level 2 of the Dungeon.
             The game lasted 00:04:19 (1605 turns).

dysrexia the Cudgeler (Gargoyle Fighter)            Turns: 1605, Time: 00:04:20

Health: -2/28      AC: 11    Str: 21    XL:     4   Next: 46%
Magic:  4/4        EV:  7    Int:  8    God:    Ru [......]
Gold:   75         SH:  0    Dex:  9    Spells: 0 memorised, 3 levels left

rFire  . . .     SeeInvis .     a - +0 flail
rCold  . . .     Clarity  .     b - +0 scale mail
rNeg   + . .     SustAb   .     c - +0 shield
rPois  ∞         Gourm    .     (no helmet)
rElec  +         Spirit   .     i - +0 cloak
rCorr  .         Warding  .     (no gloves)
rMut   .         Stasis   .     (no boots)
MR     .....                    (no amulet)
Stlth  ..........               (no ring)
                                (no ring)

@: confused, not resistant to hostile enchantments, extremely unstealthy
A: negative energy resistance 1, electricity resistance, unbreathing,
petrification resistance, rot immunity, AC +3
a: Renounce Religion


You were on level 2 of the Dungeon.
You worshipped Ru.
Ru was noncommittal.
You were hungry.

You visited 1 branch of the dungeon, and saw 2 of its levels.

You collected 75 gold pieces.

Inventory:

Hand weapons
 a - a +0 flail (weapon)
Missiles
 g - 24 stones (quivered)
Armour
 b - a +0 scale mail (worn)
 c - a +0 shield (worn)
 i - a +0 cloak (worn)
Scrolls
 f - a scroll of magic mapping {unknown}
 k - a scroll of fog {unknown}
 l - 3 scrolls of remove curse {unknown}
 m - 2 scrolls of identify {unknown}
 o - a scroll of enchant weapon {unknown}
 r - a scroll of random uselessness {unknown}
 s - a scroll of enchant armour {unknown}
Potions
 e - a potion of might
 h - 2 potions of curing {unknown}
 j - a potion of cancellation {unknown}
 q - a potion of invisibility {unknown}
Comestibles
 d - 4 bread rations
 n - a meat ration
 p - a chunk of flesh


   Skills:
 - Level 3.2 Fighting
 + Level 4.5 Maces & Flails
 - Level 3.2 Armour
 - Level 3.2 Shields


You had 3 spell levels left.
You didn't know any spells.

Dungeon Overview and Level Annotations

Branches:
Dungeon (2/15)

Altars:
Ru

Annotations:
D:2 Sigmund


Innate Abilities, Weirdness & Mutations

You are resistant to torment.
You are immune to poison.
Your stone body is very resilient (AC +3).
You resist negative energy.
You are resistant to electric shocks.
You can survive without breathing.
You are immune to petrification.
You are immune to rotting.


Message History

You miss something. The rat bites you. Something hits you.
You bump into the rock wall.
The rat bites you but does no damage.
You closely miss something.
You hear a zap.
You are more confused.
The rat closely misses you.
You miss something. Something hits you. The rat bites you but does no damage.
You bump into the rock wall.
The rat bites you but does no damage.
You hear some strange, mumbled words.
A puff of flame appears from out of thin air!
The puff of flame hits you!
* * * LOW HITPOINT WARNING * * *
You bump into the rock wall.
The rat bites you.
* * * LOW HITPOINT WARNING * * *
You hear a zap.
You are more confused.
You barely miss something. The rat bites you but does no damage.
You hear some strange, mumbled words.
The magic dart hits you!
You die...

..............#
#####.....####.#
##...## #.#
#..## #.#
#..######.#
..........#
.$######.# #r#
#@# #{# #.# #.#
..# #.# #.# ..#
###


You could see a rat.

Vanquished Creatures
  An orc wizard (D:2)
  2 worms (D:2)
  An ooze (D:1)
  5 hobgoblins
  6 jackals
  3 kobolds
  A quokka (D:2)
  7 bats
  6 giant newts (D:1)
  5 goblins
  8 rats
45 creatures vanquished.

Notes
Turn   | Place    | Note
--------------------------------------------------------------
     0 | D:1      | dysrexia, the Gargoyle Fighter, began the quest for the Orb.
     0 | D:1      | Reached XP level 1. HP: 14/14 MP: 1/1
   166 | D:1      | Reached XP level 2. HP: 10/19 MP: 2/2
   621 | D:1      | Reached XP level 3. HP: 23/23 MP: 3/3
  1210 | D:2      | Reached skill level 4 in Maces & Flails
  1398 | D:2      | Found a sacrificial altar of Ru.
  1409 | D:2      | Reached XP level 4. HP: 28/28 MP: 4/4
  1419 | D:2      | Became a worshipper of Ru the Awakened
  1562 | D:2      | Noticed Sigmund
  1604 | D:2      | HP: 1/28 [rat (2)]
  1605 | D:2      | Killed from afar by Sigmund

Action                   |  1- 3 |  4- 6 || total
-------------------------+-------+-------++-------
Melee: Flail             |   155 |    28 ||   183
Throw: Stone             |     2 |       ||     2
 Stab: Paralysed         |       |     2 ||     2
       Invisible         |       |     1 ||     1
  Eat: Chunk             |     2 |       ||     2
